 Dungeon Crawl Stone Soup version 0.31-a0-152-g6aa68a64a1 (webtiles) character file.

Game seed: 16648058558902207193

67 qw the Shooter (level 4, 0/38 HPs)
             Began as a Minotaur Hunter on June 10, 2023.
             Slain by a hobgoblin (6 damage)
             ... led by Robin
             ... on level 2 of the Dungeon.
             The game lasted 00:00:23 (708 turns).

qw the Shooter (Minotaur Hunter)                     Turns: 708, Time: 00:00:23

Health: 0/38       AC:  5    Str: 16    XL:     4   Next: 0%
Magic:  3/3        EV: 11    Int:  6    God:
Gold:   45         SH:  0    Dex: 15    Spells: 3/3 levels left

rFire   . . .        Y - +0 shortbow
rCold   . . .        (shield currently unavailable)
rNeg    . . .        d - +0 ring mail
rPois   .            (helmet restricted)
rElec   .            (no cloak)
rCorr   .            (no gloves)
SInv    .            (no boots)
Will    .....        (no amulet)
Stlth   +            (no ring)
HPRegen 0.26/turn    (no ring)
MPRegen 0.08/turn

%: no passive effects
@: no status effects
A: horns 2, retaliatory headbutt
a: no special abilities


You were on level 2 of the Dungeon.
You visited 1 branch of the dungeon, and saw 2 of its levels.

You collected 45 gold pieces.


Innate Abilities, Weirdness & Mutations

You have a pair of horns on your head.
You reflexively headbutt those who attack you in melee.


   Skills:
 - Level 3.0 Fighting
 + Level 5.7 Ranged Weapons
 - Level 1.1 Armour
 - Level 2.1 Dodging
 - Level 0.7 Stealth


You had 3 spell levels left.
You didn't know any spells.
Your spell library was empty.

Inventory:

Hand Weapons
 Y - a +0 shortbow (weapon)
Armour
 d - a +0 ring mail (worn)
Scrolls
 a - a scroll of identify {unknown}
 b - a scroll of noise {unknown}
Potions
 g - a potion of heal wounds {unknown}
 j - a potion of enlightenment {unknown}

Dungeon Overview and Level Annotations

Branches:
Dungeon (2/15)

Altars:

Annotations:
D:2 Robin


Message History

You shoot an arrow. The arrow hits the hobgoblin.
The hobgoblin is severely wounded.
The hobgoblin misses you. The goblin hits you with a +0 club. x2
Robin throws the goblin at you!
You shoot an arrow. The arrow barely misses the hobgoblin.
The goblin barely misses you. The hobgoblin misses you.
Robin throws the goblin at you! The goblin hits you with a +0 club.
The goblin hits you but does no damage.
You shoot an arrow.
The arrow hits the hobgoblin but does no damage.
The hobgoblin is severely wounded.
The goblin hits you with a +0 club. The goblin closely misses you.
You furiously retaliate!
You headbutt the goblin!
You kill the goblin!
The goblin closely misses you. You furiously retaliate!
You headbutt the goblin, but do no damage.
The hobgoblin closely misses you. You furiously retaliate!
You headbutt the hobgoblin.
You kill the hobgoblin!
Robin hits you but does no damage.
You have reached level 4!
You feel stronger.
You shoot an arrow. The arrow closely misses Robin.
The goblin closely misses you. Robin barely misses you.
The hobgoblin completely misses you. The goblin closely misses you.
The goblin hits you but does no damage. The goblin hits you with a +0 club.
The hobgoblin hits you but does no damage.
Robin hits you with a +0 mace.
You shoot an arrow.
The arrow hits Robin but does no damage.
The goblin hits you with a +0 club. The goblin hits you but does no damage.
Robin closely misses you. The hobgoblin barely misses you.
You shoot an arrow. The arrow completely misses Robin.
The goblin no longer looks unusually strong.
The goblin barely misses you. Robin hits you with a +0 mace.
The hobgoblin barely misses you. You furiously retaliate!
You headbutt the hobgoblin. The goblin barely misses you.
You shoot an arrow. The arrow barely misses the hobgoblin.
The goblin barely misses you. The goblin hits you with a +0 club.
Robin closely misses you. The hobgoblin hits you.
You die...

#.###.....# #.##.......
#.#........ #.#........
#.#........ #
####.#........ ...##
####....#%.......
#....##g....#.#........
#...)g@g##.##..%.......
#...).g)).......).......
....................>...
..........####.#........
..........####.##.......
#..........##...#
#.....#
#..........##...# ######
####..............#
.................#


You could see Robin, a hobgoblin (strong) and 2 goblins.

Vanquished Creatures
  A gnoll (D:1)
  An adder (D:2)
  A worm (D:2)
  A dart slug (D:1)
  2 endoplasms (D:1)
  A giant cockroach (D:1)
  8 goblins
  4 hobgoblins
  2 jackals (D:1)
  3 kobolds
  5 quokkas (D:1)
  4 ball pythons
  2 bats (D:1)
  3 frilled lizards
38 creatures vanquished.

Notes
Turn   | Place    | Note
-------+----------+-------------------------------------------
     0 | D:1      | qw the Minotaur Hunter began the quest for the Orb.
     0 | D:1      | Reached XP level 1. HP: 18/18 MP: 0/0
     0 | D:1      | 0 ||| qw: Version: 0.2-a-122-gbc61b45
     0 | D:1      | 0 ||| qw: Game counter: 3667
     0 | D:1      | 0 ||| qw: Always use a shield: true
     0 | D:1      | 0 ||| qw: God list: Okawaru
     0 | D:1      | 0 ||| qw: Allow faded altars: false
     0 | D:1      | 0 ||| qw: Do Orc after D:15 true
     0 | D:1      | 0 ||| qw: Do second Lair branch before Depths: true
     0 | D:1      | 0 ||| qw: Lair rune preference: random
     0 | D:1      | 0 ||| qw: Plans: Normal
     0 | D:1      | 0 ||| PLANNING D:1-11
    81 | D:1      | Found a faded altar of an unknown god.
   123 | D:1      | Reached skill level 5 in Ranged Weapons
   123 | D:1      | Reached XP level 2. HP: 25/25 MP: 1/1
   239 | D:1      | Reached skill level 3 in Fighting
   271 | D:1      | Reached XP level 3. HP: 28/31 MP: 2/2
   566 | D:1      | 566 ||| UPGRADING to +0 ring mail.
   576 | D:1      | 576 ||| DROPPING +0 leather armour.
   577 | D:1      | 577 ||| READING scroll labelled JIBLUO JOOCS.
   578 | D:1      | 578 ||| READING scroll labelled LOPNUSM DOOF.
   579 | D:1      | 579 ||| READING scroll labelled ACUERU QOTA.
   580 | D:1      | 580 ||| READING scroll labelled FOOSIE FOFE.
   585 | D:1      | 585 ||| DROPPING scroll of butterflies.
   615 | D:2      | Reached skill level 1 in Armour
   693 | D:2      | Noticed Robin
   705 | D:2      | Reached XP level 4. HP: 18/38 MP: 3/3
   707 | D:2      | HP: 7/38 [Robin/+0 mace (4)]
   708 | D:2      | Slain by a hobgoblin

Levels and vault maps discovered:
D:1:      amcnicky_arrival_flooded_fountain, layout_rooms,
          hellmonk_ecumenical_altar_inner_sanctum
D:2:      layout_rooms, uniq_robin, uniq_sigmund

Skill      XL: |  1  2  3 |
---------------+----------+-----
Ranged Weapons | 5 |  5.7
Fighting       | 3 |  3.0
Armour         | 1 |  1.1
Dodging        | |  2.1
Stealth        | |  0.7

Action                     |  1- 3 |  4- 6 || total
---------------------------+-------+-------++-------
   Fire: Shortbow          |    94 |     4 ||    98
    Use: Scroll            |     4 |       ||     4
 Armour: Leather armour    |     2 |       ||     2
         Ring mail         |    11 |     3 ||    14
  Dodge: Dodged            |    22 |    11 ||    33

Table legend:
 A = Non-vault XP
 B = Vault XP
 C = Vault XP percentage of total XP
 D = Non-vault monster count
 E = Vault monster count
 F = Vault count percentage of total count
                 A         B        C        D         E       F
            +---------+---------+-------+---------+---------+-------
      Total |      84 |      13 |  13.4 |      31 |       7 |  18.4
            +---------+---------+-------+---------+---------+-------
        D:1 |      61 |       0 |   0.0 |      26 |       0 |   0.0
        D:2 |      23 |      13 |  36.1 |       5 |       7 |  58.3
            +---------+---------+-------+---------+---------+-------
